 Dungeon Crawl Stone Soup version 0.31-a0-441-g867994ef1c (webtiles) character file.

Game seed: 5647071243332584071

33 horus123 the Grasshopper (level 3, 0/28 HPs)
             Began as a Human Warper on Aug 2, 2023.
             Slain by a jackal (3 damage)
             ... on level 2 of the Dungeon.
             The game lasted 00:02:56 (838 turns).

horus123 the Grasshopper (Human Warper)              Turns: 838, Time: 00:02:57

Health: 0/28       AC:  3    Str: 11    XL:     3   Next: 47%
Magic:  7/7        EV: 11    Int: 15    God:
Gold:   151        SH:  6    Dex: 12    Spells: 6/8 levels left

rFire   . . .        a - +0 mace
rCold   . . .        k - +2 buckler
rNeg    + . .        b - +0 leather armour
rPois   .            (no helmet)
rElec   .            (no cloak)
rCorr   .            (no gloves)
SInv    .            (no boots)
Will    .....        (no amulet)
Stlth   +            n - ring of positive energy
HPRegen 0.24/turn    (no ring)
MPRegen 0.10/turn

%: no passive effects
@: no status effects
A: no striking features
a: no special abilities


You were on level 2 of the Dungeon.
You visited 1 branch of the dungeon, and saw 2 of its levels.

You collected 151 gold pieces.

Inventory:

Hand Weapons
 a - a +0 mace (weapon)
Missiles
 d - 7 darts of dispersal (quivered)
Armour
 b - a +0 leather armour (worn)
 k - a +2 buckler (worn)
Jewellery
 n - a ring of positive energy (left hand)
Scrolls
 c - a scroll of blinking
 f - 2 scrolls of brand weapon {unknown}
 i - a scroll of fog {unknown}
 j - a scroll of noise {unknown}
 l - a scroll of immolation {unknown}
 m - a scroll of teleportation {unknown}
Potions
 e - 2 potions of might {unknown}
 g - a potion of curing {unknown}
 h - 2 potions of mutation {unknown}
 o - a potion of degeneration {unknown}


   Skills:
 - Level 2.4 Fighting
 - Level 2.0 Maces & Flails
 - Level 1.0 Throwing
 - Level 1.0 Armour
 - Level 2.0 Dodging
 + Level 0.7 Shields
 - Level 3.0 Spellcasting
 - Level 3.0 Translocations


You had 6 spell levels left.
You knew the following spells:

 Your Spells              Type           Power      Damage    Failure   Level
a - Blink                 Tloc           22%        N/A       17%         2

Your spell library contained the following spells:

 Spells                   Type           Power      Damage    Failure   Level
 Lesser Beckoning         Tloc           22%        N/A       17%         2
 Teleport Other           Tloc           11%        N/A       32%         3
 Vhi's Electric Charge    Tloc/Air       12%        N/A       52%         3
 Manifold Assault         Tloc           11%        N/A       73%         4


Dungeon Overview and Level Annotations

Branches:
Dungeon (2/15)

Altars:


Message History

The endoplasm attacks as you move away! The endoplasm hits you.
The endoplasm attacks as you move away! The endoplasm hits you.
The endoplasm attacks as you move away! The endoplasm closely misses you.
You sock the endoplasm!
You kill the endoplasm!
You hit the jackal.
You kill the jackal!
The jackal closely misses you.
You closely miss the jackal. You block the jackal's attack.
The jackal bites you but does no damage.
You hit the jackal.
The jackal is heavily wounded.
The jackal bites you. The jackal completely misses you.
You closely miss the jackal.
The jackal is heavily wounded.
You block the jackal's attack. The jackal barely misses you.
You closely miss the jackal.
The jackal is heavily wounded.
The jackal bites you.
* * * LOW HITPOINT WARNING * * *
The jackal barely misses you.
You hit the jackal.
The jackal is heavily wounded.
The endoplasm freezes you.
You are frozen.
* * * LOW HITPOINT WARNING * * *
The jackal barely misses you. The endoplasm freezes you.
You are frozen.
* * * LOW HITPOINT WARNING * * *
You hit the endoplasm but do no damage.
The jackal bites you but does no damage.
You block the jackal's attack. You block the endoplasm's attack.
You hit the endoplasm.
You kill the endoplasm!
The jackal misses you. The jackal barely misses you.
You barely miss the jackal.
The jackal is heavily wounded.
The jackal bites you.
You die...

.######## ........#####
...###.......###############
#........##...Jh@..........#
...###.#.##..#####.###.###.####
.... #....J.....†............<#
.... #..#.#...####.#.#.#.#.##.#
.... #.###....# ##...##.#.##.#
....##..#.#..... ....###.#....#
....†....##....####### #.###..#
$...##.........# #.# #..###
....
..>....#..#########.###.#...


You could see an endoplasm and a jackal.

Vanquished Creatures
  2 dart slugs (D:1)
  3 endoplasms
  2 giant cockroaches (D:1)
  A goblin (D:1)
  8 jackals
  A quokka (D:2)
  2 ball pythons (D:1)
  A bat (D:1)
  3 kobolds
  2 rats
25 creatures vanquished.

Notes
Turn   | Place    | Note
-------+----------+-------------------------------------------
     0 | D:1      | horus123 the Human Warper began the quest for the Orb.
     0 | D:1      | Reached XP level 1. HP: 16/16 MP: 3/3
   165 | D:1      | Reached XP level 2. HP: 16/22 MP: 3/5
   388 | D:1      | Learned a level 2 spell: Blink
   531 | D:1      | Reached XP level 3. HP: 23/27 MP: 7/7
   838 | D:2      | Slain by a jackal

Illustrated notes

Levels and vault maps discovered:
D:1:      nagdon_arrival_double_spiral, layout_rooms
D:2:      layout_loops_ring, glass_columns_b

Skill      XL: |  1  2 |
---------------+-------+-----
Spellcasting   | 3 |  3.0
Fighting       | |  2.4
Maces & Flails | |  2.0
Throwing       | |  1.0
Armour         | |  1.0
Dodging        | |  2.0
Shields        | |  0.7
Translocations | |  3.0

Action                     || total
---------------------------++-------
  Melee: Mace              ||    78
 Armour: Leather armour    ||    27
  Dodge: Dodged            ||    61
  Block: Buckler           ||    12

Table legend: (Time is in decaauts)
 A = Elapsed time spent in this place.
 B = Non-inter-level travel time spent in this place.
 C = Inter-level travel time spent in this place.
 D = Time resting spent in this place.
 E = Time spent auto-exploring this place.
 F = Levels seen in this place.
 G = Mean time per level.
                   A        B        C        D        E       F      G
               +--------+--------+--------+--------+--------+-----+--------+
         Total |    861 |    841 |     20 |     23 |    560 |   2 |  430.5 |
       Dungeon |    861 |    841 |     20 |     23 |    560 |   2 |  430.5 |
               +--------+--------+--------+--------+--------+-----+--------+

Top non-repeatable levels by time:
     D:1: 696 daAuts
     D:2: 165 daAuts
